 Dungeon Crawl Stone Soup version 0.27-a0-1081-ge8a0a9c698 (webtiles) character file.

Game seed: 9119646258838197468

9 knot the Chopper (level 2, 21/24 HPs)
             Began as a Demonspawn Berserker on Apr 25, 2021.
             Was a Follower of Trog.
             Quit the game on level 1 of the Dungeon.
             The game lasted 00:00:25 (193 turns).

knot the Chopper (Demonspawn Berserker)              Turns: 193, Time: 00:00:26

Health: 21/24      AC:  2    Str: 17    XL:     2   Next: 3%
Magic:  2/2        EV: 12    Int:  8    God:    Trog [*.....]
Gold:   22         SH:  0    Dex: 12    Spells: 1/1 levels left

rFire    . . .     SeeInvis .   a - +0 hand axe
rCold    . . .     Faith    .   (no shield)
rNeg     . . .     Spirit   .   b - +0 animal skin
rPois    .         Reflect  .   (no helmet)
rElec    .         Harm     .   (no cloak)
rCorr    .         Rampage  .   (no gloves)
Will     .....                  (no boots)
Stlth    +.........             (no amulet)
HPRegen  0.08/turn              (no ring)
MPRegen  0.08/turn              (no ring)

@: no status effects
A: spiny 1
a: Renounce Religion, Berserk


You were on level 1 of the Dungeon.
You worshipped Trog.
Trog was aware of your devotion.
You visited 1 branch of the dungeon, and saw 1 of its levels.

You collected 22 gold pieces.

Inventory:

Hand Weapons
 a - a +0 hand axe (weapon)
Armour
 b - a +0 animal skin (worn)
Scrolls
 d - a scroll of teleportation {unknown}
 e - a scroll of identify {unknown}
Potions
 c - a potion of attraction {unknown}


   Skills:
 - Level 3.0 Fighting
 + Level 3.2 Axes
 - Level 1.7 Armour
 - Level 1.7 Dodging


You had one spell level left.
You didn't know any spells.
Your spell library was empty.

Dungeon Overview and Level Annotations

Branches:
Dungeon (1/15)

Altars:


Innate Abilities, Weirdness & Mutations

You are partially covered in sharp spines.


Message History

You barely miss the giant cockroach. The giant cockroach barely misses you.
The giant cockroach misses you.
You hit the giant cockroach.
You kill the giant cockroach!
Trog accepts your kill.
No target in view!
No target in view!
No target in view!
No target in view!
e - a scroll labelled AREMIA JESTRO A frilled lizard comes into view.
The frilled lizard bites you.
You slash the frilled lizard!
You kill the frilled lizard!
Trog accepts your kill.
No target in view!
No target in view!
No target in view!
No target in view!
As you open the door, it creaks loudly!
There is an open door here.
You now have 22 gold pieces (gained 12).
A goblin comes into view. It is wielding a +0 club.
The goblin shouts!
The goblin moves out of view.
Found 19 gold pieces.
A bat comes into view.
The bat moves out of view.
Found a pair of boots.
The bat hits you. The goblin hits you with a +0 club. The bat misses you.
You hit the goblin.
You kill the goblin!
Trog accepts your kill.
You hit the bat.
You kill the bat!
Trog accepts your kill.
You have reached level 2!
Your demonic ancestry asserts itself...
Sharp spines emerge from parts of your body.
Are you sure you want to abandon this character and quit the game? (Confirm with "yes".)

...............
...............
.........[.....
.........$.....
...............
...............
......)........
......†@....# ..#
.######...#+#### ..#
#.#......# .. .#
#.#......# . #.#
#.#......# #.# #.#......#
#.# #. #.#......# #.##.
#.######'#......#
###.##..#...............#


There were no monsters in sight!

Vanquished Creatures
  2 giant cockroaches (D:1)
  3 goblins (D:1)
  A bat (D:1)
  2 frilled lizards (D:1)
8 creatures vanquished.

Notes
Turn   | Place    | Note
-------+----------+-------------------------------------------
     0 | D:1      | knot the Demonspawn Berserker began the quest for the Orb.
     0 | D:1      | Reached XP level 1. HP: 18/18 MP: 1/1
     9 | D:1      | Found a faded altar of an unknown god.
   193 | D:1      | Gained mutation: You are partially covered in sharp spines.
                  | [demonic ancestry]
   193 | D:1      | Reached XP level 2. HP: 21/24 MP: 2/2
   193 | D:1      | Quit the game

Illustrated notes

Levels and vault maps discovered:
D:1:      scummos_arrival_simple_crosswalls, layout_basic,
          ebering_ecumenical_altar_mist

Skill      XL: |  1 |
---------------+----+-----
Axes           | 3 |  3.2
Fighting       | |  3.0
Armour         | |  1.7
Dodging        | |  1.7

Action                   || total
-------------------------++-------
Melee: Hand axe          ||    19
Armor: Animal skin       ||     2
Dodge: Dodged            ||    13

Table legend: (Time is in decaauts)
 A = Elapsed time spent in this place.
 B = Non-inter-level travel time spent in this place.
 C = Inter-level travel time spent in this place.
 D = Time resting spent in this place.
 E = Time spent auto-exploring this place.
 F = Levels seen in this place.
 G = Mean time per level.
                   A        B        C        D        E       F      G
               +--------+--------+--------+--------+--------+-----+--------+
         Total |    196 |    196 |      0 |      0 |    152 |   1 |  196.0 |
       Dungeon |    196 |    196 |      0 |      0 |    152 |   1 |  196.0 |
               +--------+--------+--------+--------+--------+-----+--------+

Top non-repeatable levels by time:
     D:1: 196 daAuts
